 Dungeon Crawl Stone Soup version 0.25-a0-547-g27a0b5d1ef (webtiles) character file.

Game seed: 6850632746010316856, levelgen mode: classic

7016 EnegeticOcto the Cleaver (level 10, 66/96 HPs)
             Began as a Deep Dwarf Fighter on Feb 22, 2020.
             Was a Believer of Makhleb.
             Quit the game on level 10 of the Dungeon.
             The game lasted 00:04:18 (5645 turns).

EnegeticOcto the Cleaver (Deep Dwarf Fighter)       Turns: 5645, Time: 00:04:18

Health: 66/96      AC: 12    Str: 24    XL:     10   Next: 82%
Magic:  8/8        EV:  9    Int:  8    God:    Makhleb [**....]
Gold:   358        SH: 11    Dex: 12    Spells: 9/9 levels left

rFire    . . .     SeeInvis .   a - +1 war axe
rCold    . . .     Gourm    .   c - +0 kite shield
rNeg     . . .     Faith    .   h - +0 chain mail
rPois    .         Spirit   .   d - +1 helmet
rElec    .         Reflect  .   (no cloak)
rCorr    .         Harm     .   (no gloves)
MR       +....                  (no boots)
Stlth    ..........             (no amulet)
HPRegen  0.00/turn              (no ring)
MPRegen  0.11/turn              (no ring)

@: non-regenerating
A: damage resistance, heal wounds, sense surroundings 2, no regeneration
a: Heal Wounds, Minor Destruction, Renounce Religion


You were on level 10 of the Dungeon.
You worshipped Makhleb.
Makhleb was pleased with you.
You were not hungry.

You visited 2 branches of the dungeon, and saw 11 of its levels.

You collected 433 gold pieces.
You spent 75 gold pieces at shops.

Inventory:

Hand Weapons
 a - a +1 war axe (weapon)
Missiles
 l - a throwing net (quivered)
Armour
 c - a +0 kite shield (worn)
 d - a +1 helmet (worn)
 h - a +0 chain mail (worn)
Wands
 g - a wand of flame (39)
 m - a wand of iceblast (6)
 r - a wand of clouds (6)
Scrolls
 i - a scroll of fog
 p - a scroll of immolation {@r4}
 q - 6 scrolls of teleportation {@r2}
 v - 2 scrolls of enchant armour
 w - 2 scrolls of remove curse {@r6}
 y - a scroll of enchant weapon
Potions
 b - a potion of degeneration {unknown}
 f - 2 potions of curing {unknown}
 j - 3 potions of stabbing {@q5}
 k - 2 potions of might {@q3}
 n - a potion of flight
 o - 3 potions of heal wounds {@q2}
 t - 2 potions of lignification {@q7}
 u - a potion of berserk rage
 x - 2 potions of cancellation
 z - a potion of resistance {unknown}
Comestibles
 e - 6 rations
 s - 5 chunks of flesh


   Skills:
 * Level 8.1 Fighting
 * Level 9.3 Axes
 + Level 7.2 Armour
 + Level 6.2 Dodging
 + Level 7.1 Shields
 * Level 8.3 Invocations


You had 9 spell levels left.
You didn't know any spells.
Your spell library was empty.

Dungeon Overview and Level Annotations

Branches:
Dungeon (10/15)            Temple (1/1) D:7            Lair (0/6) D:8
    Orc: D:9-12

Altars:
Ashenzari
Cheibriados
Dithmenos
Elyvilon
Fedhas
Gozag
Hepliaklqana
Kikubaaqudgha
Makhleb
Nemelex Xobeh
Okawaru
Qazlal
Ru
Sif Muna
Trog
Uskayaw
Vehumet
Xom
Yredelemnul
Zin
The Shining One
Beogh

Shops:
D:6 =   D:7 *

Annotations:
D:8 3 runed translucent doors, Killmatronix's ghost, novice HaTm
D:9 2 transporters, emiel's ghost, novice DEAE


Innate Abilities, Weirdness & Mutations

You are resistant to damage.
You can heal yourself by infusing magical energy.
You passively map the area around you.
You do not regenerate.


Message History

Your shield and chain mail prevent you from hitting the bullfrog.
The bullfrog is almost dead.
You block the bullfrog's attack. x2
You slash the bullfrog!
You kill the bullfrog!
Makhleb accepts your kill.
No target in view!
Partly explored, unvisited transporter.
Partly explored, unvisited transporter.
Partly explored, unvisited transporter.
Partly explored, unvisited transporter.
Partly explored, unvisited transporter.
Partly explored, unvisited transporter.
Partly explored, unvisited transporter.
No target in view!
No target in view!
Partly explored, unvisited transporter.
Partly explored, unvisited transporter.
(D) Dungeon (T) Temple (L) Lair
Where to? (Enter - D:9, ? - help)
You open the door.
There is an open door here.
There is a stone staircase leading down here.
You climb downwards.
Found a scroll of enchant weapon and 2 rations.
There is a stone staircase leading up here.
Okay, then.
y - a scroll of enchant weapon
There is a stone staircase leading up here.
A seven-headed hydra comes into view.
A seven-headed hydra is nearby!
A seven-headed hydra is nearby!
A seven-headed hydra is nearby!
A seven-headed hydra is nearby!
A seven-headed hydra is nearby!
The seven-headed hydra bites you!
You block the seven-headed hydra's attack.
The seven-headed hydra bites you but does no damage. x2
You block the seven-headed hydra's attack. x2
The seven-headed hydra completely misses you.
You slice one of the seven-headed hydra's heads off!
The six-headed hydra grows two more!
You hit the eight-headed hydra.
The eight-headed hydra is lightly wounded.
You block the eight-headed hydra's attack. x2
The eight-headed hydra bites you but does no damage.
The eight-headed hydra barely misses you.
The eight-headed hydra bites you!
You block the eight-headed hydra's attack.
The eight-headed hydra bites you!
The eight-headed hydra bites you but does no damage.
You chop one of the eight-headed hydra's heads off!
The seven-headed hydra grows two more!
You slash the nine-headed hydra!
The nine-headed hydra is lightly wounded.
The nine-headed hydra bites you but does no damage. x3
The nine-headed hydra bites you.
The nine-headed hydra closely misses you.
You block the nine-headed hydra's attack.
The nine-headed hydra bites you. The nine-headed hydra bites you!
You block the nine-headed hydra's attack.
You are too injured to fight recklessly!
Evoke which item? (* to show all) (? for menu, Esc to quit)
That's the wrong kind of item! (Use * to select it.) Evoke which item? (* to show all) (? for menu, Esc to quit)
Okay, then.
Evoke which item? (* to show all) (? for menu, Esc to quit)
Okay, then.
You fail to use your ability.
A quasit comes into view.
The nine-headed hydra bites you. x2
* * * LOW HITPOINT WARNING * * *
You block the nine-headed hydra's attack.
The nine-headed hydra completely misses you.
The nine-headed hydra barely misses you.
The nine-headed hydra closely misses you.
You block the nine-headed hydra's attack.
The nine-headed hydra barely misses you.
You block the nine-headed hydra's attack.
You feel much better.
The quasit gives a chilling moan.
You block the nine-headed hydra's attack.
The nine-headed hydra bites you. x2
The nine-headed hydra bites you but does no damage. x2
The nine-headed hydra misses you.
The nine-headed hydra bites you but does no damage.
The nine-headed hydra bites you.
The nine-headed hydra bites you but does no damage.
Your magical essence is drained by the effort!
You feel much better.
You block the nine-headed hydra's attack.
The nine-headed hydra bites you. x2
The nine-headed hydra closely misses you.
The nine-headed hydra bites you.
You block the nine-headed hydra's attack.
The nine-headed hydra bites you but does no damage.
The nine-headed hydra completely misses you.
You block the nine-headed hydra's attack.
The quasit bites you but does no damage.
You block the quasit's attack. The quasit closely misses you.
Okay, then.
Are you sure you want to abandon this character and quit the game? (Confirm with "yes".)

* , , #.....# * , , ,
... * #.....# , , * *
....,* #.....####... ,
...., #............, ,
* ..... #............
,
,,.....###<###.###....
,, ,.........# #.# ...
,, ,,.......5.# #.# *
,. ,, , , .......@.#
#.# , ,, ,,,
,.......D.# #.# , ,
.........# #.# *
,.%.%.....# .# ,
..........,, , ,
###........ , *, , * *
#......### * ,* *,
#......# ,, #......# ,


You could see a nine-headed hydra and a quasit.

Vanquished Creatures
  5 death yaks (D:8)
  A hippogriff (D:8)
  A wyvern (D:8)
  2 black bears
  2 orc warriors (D:9)
  A sky beast (D:9)
  An ice beast (D:8)
  2 necrophages
  3 ogres (D:9)
  A phantom (D:4)
  A centaur (D:9)
  A crocodile (D:9)
  A big kobold (D:9)
  4 bullfrogs
  A gnoll sergeant (D:6)
  A wyvern skeleton (D:8)
  2 scorpions
  5 killer bees (D:7)
  9 wights (D:9)
  3 howler monkeys
  A bullfrog zombie (D:9)
  3 crimson imps
  4 bullfrog skeletons
  2 hounds
  A jelly (D:7)
  3 orc priests
  5 orc wizards
  A centaur skeleton (D:4)
  2 iguanas
  6 worker ants
  A killer bee zombie (D:7)
  A hound skeleton (D:6)
  8 gnolls (D:6)
  11 adders
  2 shadow imps
  An ooze (D:4)
  3 worms
  5 leopard geckos
  38 orcs
  3 giant cockroaches
  2 goblins
  3 hobgoblins
  4 jackals (D:9)
  8 kobolds
  2 quokkas
  2 ball pythons
  3 bats (D:1)
  4 frilled lizards
  A giant cockroach zombie (D:5)
  A jackal skeleton (D:4)
  A leopard gecko skeleton (D:4)
  A quokka zombie (D:6)
  6 rats
186 creatures vanquished.

Notes
Turn   | Place    | Note
-------+----------+-------------------------------------------
     0 | D:1      | EnegeticOcto the Deep Dwarf Fighter began the quest for the
                  | Orb.
     0 | D:1      | Reached XP level 1. HP: 20/20 MP: 1/1
    77 | D:1      | Reached XP level 2. HP: 22/27 MP: 2/2
   299 | D:2      | Reached XP level 3. HP: 27/34 MP: 3/3
   353 | D:2      | Reached skill level 3 in Axes
   459 | D:3      | Reached skill level 1 in Dodging
   517 | D:3      | Found a bloodstained altar of Trog.
   647 | D:4      | Reached XP level 4. HP: 25/42 MP: 4/4
   655 | D:4      | Noticed a phantom
   684 | D:4      | Killed a phantom
   684 | D:4      | Reached XP level 5. HP: 23/50 MP: 5/5
   761 | D:4      | Reached skill level 4 in Axes
   912 | D:4      | Reached XP level 6. HP: 49/57 MP: 6/6
  1453 | D:5      | Entered Level 5 of the Dungeon
  1638 | D:5      | Reached XP level 7. HP: 43/66 MP: 7/7
  2372 | D:6      | Found Yhinanta's Jewellery Shop.
  2386 | D:6      | Reached skill level 5 in Axes
  2487 | D:6      | Found a blossoming altar of Fedhas.
  2540 | D:6      | Reached skill level 5 in Fighting
  2554 | D:6      | Found a glowing golden altar of the Shining One.
  2568 | D:6      | Found a radiant altar of Vehumet.
  2568 | D:6      | Found a sacrificial altar of Ru.
  2570 | D:6      | Found an ancient bone altar of Kikubaaqudgha.
  2570 | D:6      | Found a stormy altar of Qazlal.
  2572 | D:6      | Found a shattered altar of Ashenzari.
  2572 | D:6      | Found a snail-covered altar of Cheibriados.
  2573 | D:6      | Found a basalt altar of Yredelemnul.
  3160 | D:7      | Found Otrykkany's Assorted Antiques.
  3163 | D:7      | Bought a scroll labeled KABYAF ZUEDGHEWK for 25 gold pieces
  3163 | D:7      | Bought a scroll labeled KABYAF ZUEDGHEWK for 25 gold pieces
  3163 | D:7      | Bought a scroll labeled AJUUNI MONACS for 25 gold pieces
  3197 | D:7      | Reached skill level 5 in Armour
  3229 | D:7      | Reached XP level 8. HP: 47/74 MP: 8/8
  3245 | D:7      | Reached skill level 5 in Shields
  3293 | D:7      | Found a staircase to the Ecumenical Temple.
  3303 | D:7      | Reached skill level 6 in Axes
  3321 | Temple   | Entered the Ecumenical Temple
  3442 | Temple   | Became a worshipper of Makhleb the Destroyer
  3658 | D:7      | You fall into a shaft and drop 1 floor!
  3679 | D:8      | Found a runed translucent gate.
  3679 | D:8      | Found a runed translucent gate.
  3679 | D:8      | Found a runed translucent gate.
  3708 | D:8      | Noticed a hippogriff
  3722 | D:8      | Killed a hippogriff
  3722 | D:8      | Reached skill level 1 in Invocations
  3758 | D:8      | Noticed a death yak
  3759 | D:8      | Noticed a death yak
  3759 | D:8      | Noticed a death yak
  3760 | D:8      | Noticed a death yak
  3761 | D:8      | Found a staircase to the Lair.
  3761 | D:8      | Noticed a death yak
  3783 | D:8      | Killed a death yak
  3805 | D:8      | Killed a death yak
  3805 | D:8      | Reached skill level 7 in Axes
  3805 | D:8      | Gained mutation: You passively map the area around you.
                  | [Deep Dwarf growth]
  3805 | D:8      | Reached XP level 9. HP: 68/85 MP: 9/11
  3826 | D:8      | Killed a death yak
  3826 | D:8      | Reached skill level 5 in Dodging
  3826 | D:8      | Reached skill level 5 in Invocations
  3876 | D:8      | Killed a death yak
  3876 | D:8      | Reached skill level 8 in Axes
  3897 | D:8      | Killed a death yak
  3897 | D:8      | Reached XP level 10. HP: 50/94 MP: 7/9
  3975 | D:8      | Noticed Killmatronix's ghost (novice HaTm)
  4597 | D:7      | Reached * piety under Makhleb
  4979 | D:9      | Reached skill level 9 in Axes
  4992 | D:9      | Noticed emiel's ghost (novice DEAE)
  4993 | D:9      | Found a transporter.
  5003 | D:9      | Noticed a +0 hand axe
  5005 | D:9      | Found a hide-covered altar of Uskayaw.
  5005 | D:9      | Noticed a +0 hand axe
  5183 | D:9      | Found a transporter.
  5229 | D:9      | Reached ** piety under Makhleb
  5317 | D:9      | Found a roughly hewn altar of Beogh.
  5625 | D:10     | Entered Level 10 of the Dungeon
  5635 | D:10     | Noticed a seven-headed hydra
  5645 | D:10     | Quit the game

Levels and vault maps discovered:
D:1:      sevenhm_arrival_forest_fort_small_3, layout_basic,
          minmay_tiny_reverse_x
D:2:      layout_rooms, chequers_ecumenical_altar_lobes
D:3:      layout_basic, lightli_temple_of_fire
D:4:      layout_cave_pods, kennysheep_nub
D:5:      layout_basic, first_ration, minmay_hedge_maze
D:6:      layout_basic, fedhas_altar_1, grunt_temple_overflow_open,
          serial_shops, nicolae_shop_statue_plus, nrook_mini_vaults
D:7:      layout_loops_ring, minmay_temple_entry_glass, serial_shops, shop
D:8:      layout_loops_ring, dpeg_lair_monsters, gammafunk_ghost_icy
D:9:      layout_roguey [special_room_orc], dancing_weapons_uskayaw,
          gammafunk_ghost_arena
D:10:     layout_long_grid, grunt_tengu_nest, minivault_8, uniq_fannar
Temple:   bh_familiar_temple

Skill      XL: |  1  2  3  4  5  6  7  8  9 10 |
---------------+-------------------------------+-----
Fighting       | 3 4 5 6 7 8 |  8.1
Axes           | 3 4 5 7 8 9 |  9.3
Dodging        | 1 2 3 4 5 6 |  6.2
Armour         | 4 5 6 7 |  7.2
Shields        | 4 5 6 7 |  7.1
Invocations    | 4 6 8 |  8.3

Action                   |  1- 3 |  4- 6 |  7- 9 | 10-12 || total
-------------------------+-------+-------+-------+-------++-------
Melee: War axe           |    93 |   106 |   298 |   319 ||   816
 Abil: Heal Wounds       |       |     3 |    30 |    17 ||    50
  Use: Scroll            |       |       |    15 |     1 ||    16
       Potion            |       |       |     1 |       ||     1
  Eat: Chunk             |       |     1 |     6 |     3 ||    10
       Ration            |       |     1 |       |     1 ||     2
Armor: Scale mail        |    50 |    43 |    63 |       ||   156
       Chain mail        |       |       |    39 |   186 ||   225
Dodge: Dodged            |    26 |    56 |   104 |   174 ||   360
Block: Kite shield       |    56 |    56 |   150 |   277 ||   539

Table legend:
 A = Non-vault XP
 B = Vault XP
 C = Vault XP percentage of total XP
 D = Non-vault monster count
 E = Vault monster count
 F = Vault count percentage of total count
                 A         B        C        D         E       F
            +---------+---------+-------+---------+---------+-------
      Total |    4985 |    5039 |  50.3 |     152 |      34 |  18.3
            +---------+---------+-------+---------+---------+-------
        D:1 |      18 |       2 |  10.0 |      11 |       2 |  15.4
        D:2 |      48 |       0 |   0.0 |       9 |       0 |   0.0
        D:3 |      13 |       0 |   0.0 |       7 |       0 |   0.0
        D:4 |     509 |       0 |   0.0 |      22 |       0 |   0.0
        D:5 |     194 |       0 |   0.0 |       8 |       0 |   0.0
        D:6 |     580 |       0 |   0.0 |      19 |       0 |   0.0
        D:7 |     604 |       0 |   0.0 |      22 |       0 |   0.0
        D:8 |    1149 |    4428 |  79.4 |      20 |       5 |  20.0
        D:9 |    1870 |     609 |  24.6 |      34 |      27 |  44.3
            +---------+---------+-------+---------+---------+-------
